[Event "*** Titled Tuesday Blitz"]
[Site "Chess.com"]
[Date "2020.12.01"]
[Round "10"]
[White "AldokhinIvan"]
[Black "xamax2000"]
[Result "0-1"]
[WhiteElo "2507"]
[BlackElo "2661"]
[TimeControl "180+1"]
[EndTime "11:54:18 PST"]
[Termination "xamax2000 won by resignation"]

1. e4 c6 2. Nc3 d5 3. d4 dxe4 4. Nxe4 Nf6 5. Nxf6+ exf6 6. c3 Bd6 7. Bd3 O-O 8. Ne2 Re8 9. Qc2 h5 10. O-O h4 11. h3 Nd7 12. Bd2 Nf8 13. Rae1 Bc7 14.
Nf4 Ne6 15. Bh7+ Kf8 16. Nxe6+ Bxe6 17. Re4 f5 18. Bxf5 Bxf5 19. Rxe8+ Qxe8 20. Qxf5 Qe2 21.
Bg5 Kg8 22. Rb1 Re8 23. Bxh4 Qe1+ 0-1

[Event "*** Titled Tuesday Blitz"]
[Site "Chess.com"]
[Date "2020.12.01"]
[Round "10"]
[White "Orest_Vovk"]
[Black "PaulfromSPb"]
[Result "1-0"]
[WhiteElo "2581"]
[BlackElo "2681"]
[TimeControl "180+1"]
[EndTime "11:54:19 PST"]
[Termination "Orest_Vovk won by resignation"]

1. g4 d5 2. h3 e5 3. Bg2 c6 4. d4 Bd6 5. c4 dxc4 6. Nf3 Nd7 7.
dxe5 Nxe5 8. Nxe5 Bxe5 9. Qxd8+ Kxd8 10. O-O Kc7 11. Nd2 c3 12. bxc3 Bxc3 13. Rb1 Nf6 14. Nc4 Nd5 15. e4 Nb6 16. Bf4+ Kd7 17. Rxb6 axb6 18.
Nxb6+ Ke7 19. Nxa8 Be6 20. Nb6 Bxa2 21. Rd1 Be6 22. Bd6+ Kf6 23. f4 g6 24. f5 Ba2 25.
e5+ Kg5 26. Be7+ Kf4 27. Bf6 Re8 28. Nd7 Bc4 29. e6 Bxf6 30. Nxf6 Re7 31. Rd7 Rxe6 32. fxe6 Bxe6 33. Rxb7 c5 34. Nxh7 c4 35. Rc7 Ke5 36. Nf8 Kd6 37. Nxe6 1-0

[Event "*** Titled Tuesday Blitz"]
[Site "Chess.com"]
[Date "2020.12.01"]
[Round "10"]
[White "anpospan"]
[Black "bratkoo"]
[Result "1/2-1/2"]
[WhiteElo "2418"]
[BlackElo "2526"]
[TimeControl "180+1"]
[EndTime "11:54:19 PST"]
[Termination "Game drawn by repetition"]

1. d4 e6 2. c4 d5 3. Nc3 c6 4. Nf3 dxc4 5. a4 Bb4 6. Bd2 Nf6 7. e3 b5 8. axb5 Bxc3 9. Bxc3 cxb5 10. Qc2 O-O 11.
b3 cxb3 12. Qxb3 Bb7 13. Qxb5 Qc7 14. Qb3 Bd5 15. Qb2 Nc6 16. Bd3 Rfb8 17. Qd2 Ne4 18. Bxe4 Bxe4 19. O-O Rb3 20. Rfc1 Rab8 21. Ne5 Nxe5 22.
dxe5 h5 23. Bd4 Rb1 24. Raxb1 Rxb1 25. Rxb1 Bxb1 26. h4 a5 27. Qc3 Qxc3 28. Bxc3 a4 29. Bb4 Bd3 30. f3 Kh7 31. e4 Kg6 32. Kf2 Kh6 33.
Ke3 Bb5 34. Kf4 f6 35. exf6 gxf6 36. e5 Kg6 37. exf6 Kxf6 38. Bc3+ Kg6 39. Bb2 Bf1 40. g3 Bg2 41. Ke5 Bxf3 42. Kxe6 Bg4+ 43. Ke5 Kf7 44. Kd4 Ke6 45. Kc3 Kf5 46. Bc1 Bd1 47. Bf4 Ke4 48.
Kb2 Bg4 49. Ka3 Bd7 50. Kb2 Kf3 51. Ka3 Ke2 52. Kb2 Kd3 53. Ka3 Kc4 54. Bg5 Kc3 55.
Bf4 Kc4 56. Bg5 Kd4 57. Bf4 Ke4 58. Kb2 Kf3 59. Ka3 Be6 60. Kb2 Bd7 1/2-1/2

[Event "*** Titled Tuesday Blitz"]
[Site "Chess.com"]
[Date "2020.12.01"]
[Round "10"]
[White "Quiet_Desperation"]
[Black "Nils_03"]
[Result "1-0"]
[WhiteElo "1705"]
[BlackElo "2243"]
[TimeControl "180+1"]
[EndTime "11:54:30 PST"]
[Termination "Quiet_Desperation won by resignation"]

1. e4 e6 2. d4 d5 3. Nc3 Nf6 4. e5 Nfd7 5. f4 c5 6. Nf3 Nc6 7. Be3 a6 8. Be2 Qb6 9. Qd2 cxd4 10. Nxd4 Nc5 11. O-O Bd7 12. Kh1 O-O-O 13. Rab1 Ne4 14. Nxe4 dxe4 15. c3 Kb8 16. b4 Nxd4 17. Bxd4 Qc7 18.
Qe3 Bc6 19. Bb6 Qc8 20. Bxd8 Qxd8 21. b5 axb5 22. Bxb5 Qc7 23. Bxc6 Qxc6 24. Rb6 Bc5 25. Rxc6 Bxe3 26. Rc4 Rc8 27. Rxc8+ Kxc8 28. Re1 Bxf4 29. Rxe4 Bd2 30. Kg1 Kc7 31. Kf2 Kc6 32. Ke2 Bc1 33.
Kd3 Kd5 34. Rb4 Kc6 35. a4 Bg5 36. h4 Be7 37. Rf4 f5 38. exf6 Bxf6 39. h5 h6 40. g4 Kd5 41. Rb4 Kc6 42. Rb5 Kc7 43. Ke4 Bxc3 44. Rc5+ 1-0

[Event "*** Titled Tuesday Blitz"]
[Site "Chess.com"]
[Date "2020.12.01"]
[Round "10"]
[White "rychessmaster1"]
[Black "plumalka"]
[Result "0-1"]
[WhiteElo "2562"]
[BlackElo "2504"]
[TimeControl "180+1"]
[EndTime "11:54:31 PST"]
[Termination "plumalka won by resignation"]

1. d4 Nf6 2. Nc3 g6 3. Bf4 Bg7 4. Qd2 d6 5. Bh6 O-O 6. O-O-O Nbd7 7. f3 e5 8. d5 e4 9. fxe4 Qe7 10. Bxg7 Kxg7 11.
Qf4 Nc5 12. e5 Qxe5 13. Qxe5 dxe5 14. e3 Bf5 15. Be2 Rad8 16. h3 Nfe4 17. Nxe4 Nxe4 18. g4 Nf2 19. gxf5 Nxh1 20. fxg6 hxg6 21. Bf3 Ng3 22.
e4 f5 23. exf5 gxf5 24. c4 e4 25. Bg2 f4 26. Kd2 f3 27. Bf1 Nf5 28. Kc3 Rde8 29. c5 Ne3 30. Rc1 Nxf1 31. Rxf1 e3 32. Nxf3 Rxf3 33.
Rxf3 e2 34. Rg3+ Kf6 35. Rg1 e1=Q+ 36. Rxe1 Rxe1 37. h4 Rh1 0-1

[Event "*** Titled Tuesday Blitz"]
[Site "Chess.com"]
[Date "2020.12.01"]
[Round "10"]
[White "Dreamer_01"]
[Black "FMOlexandrProhorov"]
[Result "1-0"]
[WhiteElo "2366"]
[BlackElo "2206"]
[TimeControl "180+1"]
[EndTime "11:54:33 PST"]
[Termination "Dreamer_01 won on time"]

1. d4 g6 2. e4 Bg7 3. Nc3 c6 4. Be3 d5 5. e5 f6 6. exf6 exf6 7. h4 Nh6 8. Be2 Nf5 9. Bf4 Qb6 10. Nf3 Qxb2 11. Na4 Qb4+ 12. c3 Qe7 13. O-O O-O 14. Re1 Qd8 15. c4 b6 16. cxd5 cxd5 17. Rc1 Be6 18. Bb5 Bf7 19. Bc7 Qc8 20. Bd6 Nxd6 21. Rxc8 Nxc8 22. Nc3 Nd6 23. Ba4 Na6 24. Bb3 Nc7 25.
Re7 Rac8 26. Rd7 Rfd8 27. Rxd8+ Rxd8 28. Qc1 Nc4 29. Nxd5 Nxd5 30. Qxc4 Rf8 31. Qc6 Nf4 32. Qc7 Bxb3 33. axb3 Ne6 34. Qc4 Kf7 35. d5 Nc5 36. b4 Nd7 37. d6+ Ke8 38. Qc8+ Kf7 39. Qxd7+ Kg8 40. Qe6+ Kh8 41. d7 1-0

[Event "*** Titled Tuesday Blitz"]
[Site "Chess.com"]
[Date "2020.12.01"]
[Round "10"]
[White "skoularikii"]
[Black "stepanosinovsky"]
[Result "1-0"]
[WhiteElo "2451"]
[BlackElo "2303"]
[TimeControl "180+1"]
[EndTime "11:54:34 PST"]
[Termination "skoularikii won on time"]

1. e4 e5 2. Nf3 Nc6 3. Bc4 Nf6 4. Nc3 Bb4 5. d3 d6 6. O-O h6 7. Ne2 Na5 8. Ng3 Nxc4 9. dxc4 Be6 10. b3 Qd7 11. a4 c6 12. a5 Bc5 13. Qd2 a6 14. Ne1 h5 15. h4 Ng4 16. Nd3 Ba7 17. Ba3 Qe7 18. Qg5 f6 19. Qg6+ Bf7 20. Qf5 Be6 21. Qg6+ Bf7 22. Qf5 g6 23. Qf3 Be6 24. Rfd1 O-O-O 25.
c5 dxc5 26. c4 Rd7 27. Ne2 Rhd8 28. g3 f5 29. Nc3 1-0

[Event "*** Titled Tuesday Blitz"]
[Site "Chess.com"]
[Date "2020.12.01"]
[Round "10"]
[White "GelmanAlexander"]
[Black "InitiatingASC"]
[Result "1-0"]
[WhiteElo "2577"]
[BlackElo "2421"]
[TimeControl "180+1"]
[EndTime "11:54:35 PST"]
[Termination "GelmanAlexander won on time"]

1. d4 Nf6 2. Nc3 e6 3. Bf4 b6 4. e4 Bb7 5. e5 Nd5 6. Nxd5 Bxd5 7. Qg4 h5 8. Qg3 g6 9. h4 Nc6 10. O-O-O Ne7 11. c4 Nf5 12. Qb3 Bb7 13. d5 Qe7 14. a3 Qc5 15. Kb1 Qxf2 16. Nf3 O-O-O 17. Rd2 Qc5 18. Ng5 Bh6 19. Be2 Rhf8 20. g3 Nd4 21. Qd3 Nxe2 22. Qxe2 exd5 23. cxd5 Bxd5 24. Rc1 Qa5 25.
e6 c6 26. e7 Rfe8 27. exd8=Q+ Kxd8 28. Qd1 Bg7 29. Nxf7+ 1-0

[Event "*** Titled Tuesday Blitz"]
[Site "Chess.com"]
[Date "2020.12.01"]
[Round "10"]
[White "PawnEatingZombie"]
[Black "Xeniya2005"]
[Result "0-1"]
[WhiteElo "2197"]
[BlackElo "2436"]
[TimeControl "180+1"]
[EndTime "11:54:35 PST"]
[Termination "Xeniya2005 won by resignation"]

1. d4 Nf6 2. c4 e6 3. Nc3 Bb4 4.
Qc2 d5 5. cxd5 exd5 6. Bf4 c6 7.
e3 O-O 8. Bd3 Be6 9. Ne2 h6 10.
h3 Nbd7 11. O-O Nb6 12. Rad1 Bd6 13. f3 Re8 14. Bxd6 Qxd6 15. e4 dxe4 16. fxe4 Qd7 17. Rf3 Rad8 18. Rdf1 Nh7 19. h4 Bg4 20. Rg3 Nf6 21.
Rxf6 gxf6 22. e5 Kh8 23. Ne4 Bxe2 24. Qxe2 Qxd4+ 25. Kh1 f5 26. Qh5 Re6 27. Qxf7 Qxe5 28. Rg6 Rxg6 29. Qxg6 Qg7 30. Qxf5 Rxd3 31. Nf6 Rd8 32.
a4 Rf8 33. a5 0-1

[Event "*** Titled Tuesday Blitz"]
[Site "Chess.com"]
[Date "2020.12.01"]
[Round "10"]
[White "szachuspl"]
[Black "Omk124"]
[Result "1-0"]
[WhiteElo "2475"]
[BlackElo "2314"]
[TimeControl "180+1"]
[EndTime "11:54:35 PST"]
[Termination "szachuspl won by resignation"]

1. e4 g6 2. h4 Bg7 3. h5 d5 4. Nc3 d4 5. Nce2 c5 6. Ng3 Nc6 7. Nf3 e5 8. Bc4 Nf6 9. h6 Bf8 10. Ng5 Be6 11. Bxe6 fxe6 12. Nxe6 Qe7 13. Nxf8 Rxf8 14.
d3 O-O-O 15. Bg5 Qe6 16. f3 c4 17. O-O Rd7 18. Qe2 cxd3 19. cxd3 Rdf7 20. Rfc1 Nd7 21. b4 Kb8 22. b5 Nd8 23. Rc2 Qb6 24. Bxd8 Qxd8 25.
Nf1 Qh4 26. Qd2 g5 27. Nh2 Nf6 28. Rac1 g4 29. Qe1 g3 30. Nf1 Nh5 31. Qb4 Qf6 32. a4 Qxh6 33. a5 Rg8 34. b6 Nf4 35. Qc4 axb6 36.
axb6 Qxb6 37. Qxf7 Rd8 38. Qc4 Qh6 39. Qc7+ 1-0

[Event "*** Titled Tuesday Blitz"]
[Site "Chess.com"]
[Date "2020.12.01"]
[Round "10"]
[White "Ajedrez_con_German"]
[Black "Colombiano07"]
[Result "1/2-1/2"]
[WhiteElo "2446"]
[BlackElo "2312"]
[TimeControl "180+1"]
[EndTime "11:54:35 PST"]
[Termination "Game drawn by repetition"]

1. Nf3 d5 2. e3 Bf5 3. c4 e6 4. cxd5 exd5 5. Qb3 b6 6. Nc3 c6 7. Be2 Nf6 8. O-O Be7 9. d4 O-O 10. Ne5 Nfd7 11. Nxd7 Nxd7 12. Bd2 Nf6 13. Rac1 Rc8 14. Rfd1 Re8 15. Ba6 Rc7 16. Ne2 Bc8 17. Bxc8 Qxc8 18.
Ng3 Bd6 19. Rc2 Bxg3 20. hxg3 Ne4 21. Rdc1 Nxd2 22. Rxd2 h5 23. Rdc2 Qe6 24. Qa4 Rec8 25.
b4 Qd7 26. Rc3 g6 27. R1c2 Kg7 28. Qa3 Qg4 29. Qc1 h4 30. Rxc6 Rxc6 31. Rxc6 Rxc6 32. Qxc6 hxg3 33. fxg3 Qxg3 34. Qxd5 Qe1+ 35. Kh2 Qh4+ 36. Kg1 Qe1+ 37. Kh2 Qh4+ 38. Kg1 Qe1+ 1/2-1/2

[Event "*** Titled Tuesday Blitz"]
[Site "Chess.com"]
[Date "2020.12.01"]
[Round "10"]
[White "MF1966Idrisov"]
[Black "natelleka"]
[Result "1-0"]
[WhiteElo "2384"]
[BlackElo "2200"]
[TimeControl "180+1"]
[EndTime "11:54:35 PST"]
[Termination "MF1966Idrisov won by resignation"]

1. Nf3 d5 2. b3 Nf6 3. Bb2 Nc6 4. e3 Bf5 5. d4 e6 6. Bd3 Bg6 7. O-O Bd6 8. Nbd2 O-O 9. a3 Re8 10. Ne5 Nd7 11. f4 Bxd3 12. cxd3 f6 13. Nxc6 bxc6 14. b4 Qe7 15. Nb3 e5 16. dxe5 fxe5 17. f5 e4 18. Nd4 Ne5 19. dxe4 Nc4 20. Nxc6 Qxe4 21. Bd4 Nxe3 22. Bxe3 Qxe3+ 23. Kh1 Qe4 24. Qf3 Qxf3 25. Rxf3 Re2 26. Kg1 Rae8 27. Raf1 Rd2 28. g3 Ree2 29. R3f2 Rxf2 30. Rxf2 Rd3 31. Ra2 Kf7 32. Nxa7 Kf6 33. Nb5 Kxf5 34. Nxd6+ cxd6 35. a4 Ke4 36. a5 Kf3 37. Ra1 Rb3 38. a6 d4 39. a7 1-0

[Event "*** Titled Tuesday Blitz"]
[Site "Chess.com"]
[Date "2020.12.01"]
[Round "10"]
[White "paulrusan"]
[Black "ural58"]
[Result "0-1"]
[WhiteElo "2244"]
[BlackElo "2420"]
[TimeControl "180+1"]
[EndTime "11:54:35 PST"]
[Termination "ural58 won by resignation"]

1. e4 d5 2. exd5 Qxd5 3. Nc3 Qa5 4. d4 Nf6 5. Bd2 Bg4 6. Nf3 Nc6 7. Bb5 O-O-O 8. Bxc6 bxc6 9. Qe2 Rxd4 10. O-O-O e6 11.
Kb1 Bb4 12. a3 Bxc3 13. Bxc3 Rxd1+ 14. Rxd1 Qb5 15. Qe3 Bxf3 16. Qxf3 Qh5 17. Bxf6 Qxf3 18. gxf3 gxf6 19. Rg1 Kd7 20. Rg7 Ke7 21. h4 f5 22.
h5 h6 23. f4 Kf6 24. Rg3 Rd8 25. Rb3 Rd4 26. Rb7 Rxf4 27. Rxc7 Rxf2 28. Rxc6 Rf1+ 29.
Ka2 f4 30. b4 f3 31. Rc3 e5 32.
b5 e4 33. a4 f2 34. a5 Rd1 35.
b6 axb6 36. axb6 f1=Q 37. b7 Ra1+ 38. Kb3 Qb1+ 39. Kc4 Ra4+ 40. Kc5 Qxb7 0-1

[Event "*** Titled Tuesday Blitz"]
[Site "Chess.com"]
[Date "2020.12.01"]
[Round "10"]
[White "lelya96"]
[Black "guillembaches"]
[Result "1/2-1/2"]
[WhiteElo "2222"]
[BlackElo "2368"]
[TimeControl "180+1"]
[EndTime "11:54:35 PST"]
[Termination "Game drawn by repetition"]

1. e4 c5 2. Nf3 d6 3. d4 cxd4 4. Nxd4 Nf6 5. Nc3 Nc6 6. Be2 e5 7. Nb3 Be7 8. O-O O-O 9. f4 a5 10. a4 Nb4 11. Kh1 Be6 12. Be3 exf4 13. Bxf4 d5 14. e5 Ne4 15. Nb5 Qb6 16. N3d4 Bc5 17. c3 Nc6 18. Bf3 Rad8 19. Qd3 Bxd4 20. cxd4 Nb4 21.
Qe2 Bf5 22. Rac1 Rc8 23. Bg4 Rxc1 24. Bxc1 Bxg4 25. Qxg4 Nd3 26. Be3 Nxb2 27. Qd7 Nc4 28. Bc1 Qe6 29. Qxb7 h5 30. Nc7 Qg4 31. Qxd5 Nf2+ 32.
Kg1 Nh3+ 33. Kh1 Nf2+ 34. Kg1 Nh3+ 35. Kh1 Nf2+ 1/2-1/2

[Event "*** Titled Tuesday Blitz"]
[Site "Chess.com"]
[Date "2020.12.01"]
[Round "10"]
[White "DarZay"]
[Black "andrzej"]
[Result "0-1"]
[WhiteElo "2163"]
[BlackElo "2362"]
[TimeControl "180+1"]
[EndTime "11:54:36 PST"]
[Termination "andrzej won by checkmate"]

1. e4 c5 2. Nf3 e6 3. d4 cxd4 4. Nxd4 Nf6 5. Nc3 d6 6. Be3 a6 7.
Nb3 b5 8. a3 Bb7 9. f3 Nbd7 10.
Qd2 Qc7 11. O-O-O h5 12. h3 h4 13. Rg1 Nb6 14. Na5 Bc6 15. Nxc6 Qxc6 16. Bxb6 Qxb6 17.
f4 Nd7 18. Be2 b4 19. axb4 Qxb4 20. Bf3 Rb8 21. b3 Nc5 22. Nb1 Qb6 23. Qc3 a5 24. Rd4 Be7 25. e5 d5 26. Nd2 O-O 27. f5 Rfc8 28.
Qb2 a4 29. f6 Bf8 30. Rxh4 axb3 31. Bd1 Nd3+ 32. Kb1 bxc2+ 33. Bxc2 Qxb2# 0-1

[Event "*** Titled Tuesday Blitz"]
[Site "Chess.com"]
[Date "2020.12.01"]
[Round "10"]
[White "Praslov"]
[Black "TheCairnTerrier"]
[Result "1-0"]
[WhiteElo "2397"]
[BlackElo "2144"]
[TimeControl "180+1"]
[EndTime "11:54:37 PST"]
[Termination "Praslov won by resignation"]

1. d4 Nf6 2. Nf3 g6 3. Nbd2 d5 4. e3 Bg7 5. b4 O-O 6. c4 a5 7.
b5 c5 8. dxc5 Ne4 9. Nxe4 Bxa1 10. cxd5 Bf5 11. Ng3 Bg4 12. Bc4 Bxf3 13. Qxf3 Bc3+ 14.
Ke2 Nd7 15. e4 Bb4 16. c6 Nc5 17. a3 bxc6 18. axb4 axb4 19. dxc6 Qd4 20. Bb3 Rfd8 21. Rd1 Nxb3 22. Qxb3 Ra2+ 23. Qxa2 Qxd1+ 24. Ke3 Qxc1+ 25. Kf3 Rd3+ 26. Kg4 h5+ 27. Kh3 Qf4 28. f3 g5 29. Qa8+ Kg7 30. Nxh5+ 1-0

[Event "*** Titled Tuesday Blitz"]
[Site "Chess.com"]
[Date "2020.12.01"]
[Round "10"]
[White "Qvalda"]
[Black "Leonid_Starozhilov"]
[Result "0-1"]
[WhiteElo "2439"]
[BlackElo "2647"]
[TimeControl "180+1"]
[EndTime "11:54:39 PST"]
[Termination "Leonid_Starozhilov won on time"]

1. e4 c5 2. d3 Nc6 3. g3 g6 4. Bg2 Bg7 5. f4 e6 6. Nf3 Nge7 7. O-O O-O 8. c3 Rb8 9. Be3 d6 10. Bf2 b5 11. Re1 b4 12. d4 bxc3 13. bxc3 cxd4 14. cxd4 d5 15. e5 Ba6 16. Nbd2 Na5 17. g4 Rb2 18. Nb3 Nxb3 19. axb3 Qb6 20.
Bh4 Nc6 21. f5 gxf5 22. gxf5 exf5 23. Bf6 Bxf6 24. exf6 Kh8 25. Qc1 Nxd4 26. Qxb2 Nxf3+ 27. Kh1 Nxe1 28. Rxe1 Bd3 29. Bxd5 Rg8 30. Qe5 Qf2 0-1

[Event "*** Titled Tuesday Blitz"]
[Site "Chess.com"]
[Date "2020.12.01"]
[Round "10"]
[White "Agibileg"]
[Black "Kislov_Oleg"]
[Result "1-0"]
[WhiteElo "2514"]
[BlackElo "2357"]
[TimeControl "180+1"]
[EndTime "11:54:39 PST"]
[Termination "Agibileg won by checkmate"]

1. d4 Nf6 2. c4 e6 3. Nc3 d5 4. cxd5 exd5 5. Bg5 Be7 6. e3 c6 7.
Qc2 O-O 8. Bd3 h6 9. Bh4 Re8 10. Nf3 Ne4 11. Bxe4 Bxh4 12. Bd3 Rxe3+ 13. Kf1 Re8 14.
h3 Na6 15. a3 Nc7 16. g3 Bf6 17.
Kg2 Qd6 18. Ne2 Ne6 19. Rad1 Bd7 20. Rhe1 Re7 21. Qd2 Rae8 22. Bb1 Ng5 23. Neg1 Ne4 24. Bxe4 Rxe4 25. Ne2 Bxh3+ 26. Kxh3 Qe6+ 27. Kg2 Rxe2 28. Rxe2 Qxe2 29. Re1 Qxe1 30. Nxe1 Re4 31. Nc2 g5 32. f3 Re7 33. Ne3 Re6 34. g4 b6 35. Nf5 Bg7 36. Kf2 Bf8 37. Qc1 c5 38. Qd2 c4 39. Ne3 Rd6 40. Qc2 Bg7 41. Nf5 Re6 42. Qa4 Kh7 43.
Qxa7 b5 44. Qxf7 Rg6 45. Ne7 Rf6 46. Qg8# 1-0

[Event "*** Titled Tuesday Blitz"]
[Site "Chess.com"]
[Date "2020.12.01"]
[Round "10"]
[White "coco_crc"]
[Black "YIYUKI"]
[Result "1/2-1/2"]
[WhiteElo "2199"]
[BlackElo "2323"]
[TimeControl "180+1"]
[EndTime "11:54:40 PST"]
[Termination "Game drawn by repetition"]

1. e4 e5 2. Nf3 Nc6 3. c3 d6 4. d4 Bd7 5. d5 Nce7 6. Bd3 g6 7. c4 Bg7 8. O-O h6 9. Nc3 f5 10. Re1 Nf6 11. b4 O-O 12. a4 g5 13. c5 fxe4 14.
Bxe4 Nxe4 15. Nxe4 Bf5 16. Ba3 dxc5 17. d6 cxd6 18. Nxd6 e4 19. Nxf5 Rxf5 20. Qb3+ Qd5 21. Rab1 Qxb3 22. Rxb3 cxb4 23. Bxb4 Nd5 24. Rxe4 Nxb4 25.
Rbxb4 b6 26. h3 Rc8 27. Re7 Rf7 28. Rbe4 Rc1+ 29. Kh2 Ra1 30. Rxf7 Kxf7 31. Kg3 Bf8 32. h4 gxh4+ 33. Nxh4 a5 34. Nf5 Rb1 35. Kf3 Kf6 36. Ne3 Bc5 37. Rh4 Kg6 38. Rg4+ Kf7 39.
Rf4+ Kg6 40. Rg4+ Kf7 41. Rh4 Kg6 42. Rg4+ 1/2-1/2

[Event "*** Titled Tuesday Blitz"]
[Site "Chess.com"]
[Date "2020.12.01"]
[Round "10"]
[White "Chernov_Mikhail"]
[Black "MoreChessJulia"]
[Result "1-0"]
[WhiteElo "2299"]
[BlackElo "2114"]
[TimeControl "180+1"]
[EndTime "11:54:44 PST"]
[Termination "Chernov_Mikhail won by resignation"]

1. e4 c5 2. Nf3 d6 3. d4 cxd4 4. Nxd4 Nf6 5. Nc3 a6 6. Bc4 e6 7.
Bb3 b5 8. Bg5 Qc7 9. Bxf6 gxf6 10. Qd2 Bb7 11. O-O-O Nc6 12. f4 O-O-O 13. Qe3 Nxd4 14.
Qxd4 Be7 15. Kb1 Qc5 16. Qd3 Rhg8 17. g3 h5 18. Ne2 d5 19. exd5 Bxd5 20. Qh7 Bxh1 21.
Rxh1 Rgf8 22. Nc3 Rd2 23. Ne4 Qc6 24. Re1 Rd7 25. Qxh5 Bc5 26. Qxc5 Qxc5 27. Nxc5 Rd2 28. h4 a5 29. a4 Kc7 30. axb5 Kb6 31. Ne4 Rg2 32. c4 Rd8 33. Ba4 f5 34. c5+ Kc7 35. b6+ Kb8 36. c6 fxe4 37. c7+ Kc8 38. cxd8=Q+ Kxd8 39. Rxe4 Rxg3 40. Rc4 Rg1+ 41. Ka2 Rf1 42. b7 1-0

[Event "*** Titled Tuesday Blitz"]
[Site "Chess.com"]
[Date "2020.12.01"]
[Round "10"]
[White "AniJak"]
[Black "GMStefanova"]
[Result "0-1"]
[WhiteElo "2394"]
[BlackElo "2541"]
[TimeControl "180+1"]
[EndTime "11:54:46 PST"]
[Termination "GMStefanova won by resignation"]

1. e4 e5 2. Nc3 Nc6 3. g3 g6 4. Bg2 Bg7 5. Nge2 Nge7 6. O-O O-O 7. d3 d6 8. f4 f5 9. Nd5 Nxd5 10. exd5 Nb8 11. c4 Nd7 12. Rb1 a5 13. b3 b6 14. Bb2 Re8 15. Kh1 Nf6 16. h3 Bd7 17.
a3 Nh5 18. Kh2 Qe7 19. fxe5 Bxe5 20. Bxe5 Qxe5 21. Nf4 Nxf4 22. Rxf4 Qe2 23. Qf1 Re3 24.
Qxe2 Rxe2 25. Kg1 Rae8 26. Bf1 Ra2 27. a4 Re3 28. Kh1 g5 29. Rd4 Rxg3 30. Re1 Kf7 31. h4 h6 32. hxg5 hxg5 33. Re2 Rxe2 34. Bxe2 Re3 35.
Bf1 f4 36. Kg1 Bf5 37. Kf2 Kf6 38. c5 bxc5 39. Rc4 Bxd3 40. Bxd3 Rxd3 0-1

[Event "*** Titled Tuesday Blitz"]
[Site "Chess.com"]
[Date "2020.12.01"]
[Round "10"]
[White "JoliyRoger"]
[Black "maximnovik"]
[Result "0-1"]
[WhiteElo "2404"]
[BlackElo "2551"]
[TimeControl "180+1"]
[EndTime "11:54:47 PST"]
[Termination "maximnovik won on time"]

1. Nf3 Nf6 2. d4 g6 3. c4 Bg7 4.
Nc3 d5 5. Bg5 Ne4 6. cxd5 Nxg5 7. Nxg5 e6 8. Nf3 exd5 9. b4 Qd6 10. Qb3 Nc6 11. Qxd5 Nxd4 12. Qxd6 Nxf3+ 13. gxf3 Bxc3+ 14. Qd2 Bxd2+ 15. Kxd2 Be6 16. e3 Ke7 17. Rc1 Rhd8+ 18.
Bd3 Rd7 19. a3 Rad8 20. Rc3 Bc4 21. Rxc4 Rxd3+ 22. Kc1 Rxa3 23. Rxc7+ Rd7 24. Rxd7+ Kxd7 25. Rd1+ Ke6 26. Kb2 Ra6 27. Rd4 Rd6 28. Re4+ Kd7 29.
Kc2 f5 30. Rh4 h5 31. e4 Ke6 32. exf5+ Kxf5 33. Re4 Re6 34. Rd4 Re2+ 35. Kd3 Rxf2 36. Ke3 Rb2 37. Rd7 Rxb4 38. Rd4 Rxd4 39. h4 Rxh4 0-1

[Event "*** Titled Tuesday Blitz"]
[Site "Chess.com"]
[Date "2020.12.01"]
[Round "10"]
[White "NeverW84M8"]
[Black "DinaBelenkaya"]
[Result "1-0"]
[WhiteElo "2542"]
[BlackElo "2401"]
[TimeControl "180+1"]
[EndTime "11:54:47 PST"]
[Termination "NeverW84M8 won by checkmate"]

1. e4 d5 2. exd5 Qxd5 3. Nc3 Qa5 4. Nf3 c6 5. Bc4 Nf6 6. O-O Bf5 7. d3 e6 8. Re1 Be7 9. Bf4 O-O 10. Nd4 Bg6 11.
Nxe6 fxe6 12. Rxe6 Nd5 13. Bxb8 Bf7 14. Bxd5 cxd5 15.
Rxe7 Raxb8 16. Qe1 Rfe8 17. Qe5 Rxe7 18. Qxb8+ Be8 19. Qd6 Qc7 20. Qxd5+ Bf7 21. Qd4 Re8 22. h3 a6 23. a4 Qc6 24. a5 Qg6 25. Ne4 Be6 26.
Qd6 Qf5 27. Re1 h6 28. Nc5 Bf7 29. Rxe8+ Bxe8 30. Nxb7 Bb5 31. c4 Ba4 32. Nc5 Bc2 33. Qd5+ Qxd5 34. cxd5 Kf7 35. d6 Bb1 36. d4 Ke8 37. b4 Ba2 38. Kh2 Kd8 39. Kg3 Bc4 40. Kf4 g6 41. g3 Bd5 42. Ke5 Bc4 43. f4 g5 44. f5 g4 45. h4 h5 46. f6 Bf7 47.
Nxa6 Kd7 48. Nc5+ Kc6 49. d5+ Kb5 50. d7 Kc4 51. Ne4 Kxb4 52. d8=Q Ka4 53. Qb6 Ka3 54.
Nc5 Ka2 55. Qb3+ Ka1 56. Nd3 Bxd5 57. Qb2# 1-0

[Event "*** Titled Tuesday Blitz"]
[Site "Chess.com"]
[Date "2020.12.01"]
[Round "10"]
[White "rynos0411"]
[Black "Kavyev_Ruslan"]
[Result "0-1"]
[WhiteElo "2388"]
[BlackElo "2522"]
[TimeControl "180+1"]
[EndTime "11:54:47 PST"]
[Termination "Kavyev_Ruslan won by resignation"]

1. d4 Nf6 2. c4 g6 3. Nc3 d5 4. cxd5 Nxd5 5. Na4 e5 6. dxe5 Bb4+ 7.
Bd2 Qe7 8. Nf3 Nc6 9. e3 O-O 10. Be2 Nxe5 11. O-O Bxd2 12. Qxd2 c6 13. Rac1 Rd8 14.
Qe1 Bg4 15. Nxe5 Bxe2 16. Nxc6 bxc6 17. Qxe2 Nb4 18. a3 Nd3 19. Rc3 Ne5 20. Nc5 Rab8 21. b4 a5 22. Rb3 axb4 23. axb4 Rb5 24. h3 Rdb8 25. Rfb1 Nd7 26. Nxd7 Qxd7 27. Qc4 Qb7 28. Qd4 c5 29. Qc4 Rxb4 30. Rxb4 cxb4 31. Rb3 Qe7 32. Qd4 Qb7 33. Kh2 Qb5 34. h4 h5 35. g3 Qa4 36.
Qc4 Qa2 37. Kg2 Qd2 38. Rd3 Qb2 39. Rd7 Qf6 40. Rd3 Qe7 41. f3 Qb7 42. e4 b3 43.
Rd1 b2 44. Rb1 Rc8 45. Qe2 Rb8 46. Qc2 Qb4 47. Kf2 Qd4+ 48. Kg2 Kg7 49. Kf1 Rb4 50. Kg2 Rb6 51. Kf1 Qe3 52. Kg2 Qd4 53. Qf2 Qxf2+ 54. Kxf2 Kf6 55. Ke2 Ke5 56. Ke3 Rb3+ 57.
Ke2 Kd4 58. Kd2 Rxf3 59. Rxb2 Rf2+ 60. Kc1 Rxb2 0-1

[Event "*** Titled Tuesday Blitz"]
[Site "Chess.com"]
[Date "2020.12.01"]
[Round "10"]
[White "nochewycandy"]
[Black "WeAintSurePal"]
[Result "0-1"]
[WhiteElo "2506"]
[BlackElo "2378"]
[TimeControl "180+1"]
[EndTime "11:54:47 PST"]
[Termination "WeAintSurePal won by checkmate"]

1. c4 e5 2. g3 Nc6 3. Bg2 h5 4. h4 Bc5 5. Nc3 d6 6. e3 a6 7. Nge2 Ba7 8. d4 Bg4 9. d5 Nce7 10. Ne4 Nf6 11. Nxf6+ gxf6 12. f3 Bd7 13. Nc3 f5 14. e4 Rg8 15. Bg5 f4 16. Bh3 Bxh3 17. Rxh3 f6 18. gxf4 exf4 19. Bxf4 Rg1+ 20. Ke2 Rxd1 21.
Rxd1 Kd7 22. Rg3 Qh8 23. Be3 Bxe3 24. Kxe3 Rg8 25. Rdg1 Qh6+ 26. f4 Rxg3+ 27. Rxg3 b5 28. cxb5 axb5 29. Ne2 Qh8 30. Nd4 Qa8 31. a3 Qa7 32. Rg7 Qc5 33. Rg2 f5 34. Rc2 Qb6 35. Kd3 fxe4+ 36. Kxe4 b4 37. Ne6 bxa3 38. bxa3 Nxd5 39.
Kxd5 c6+ 40. Ke4 Kxe6 41. f5+ Kf6 42. Rg2 d5+ 43. Kd3 Qb3+ 44. Kd4 Qc4+ 45. Ke3 Qe4+ 46.
Kf2 Qxf5+ 47. Kg1 Qb1+ 48. Kh2 d4 49. a4 d3 50. a5 Qb8+ 51. Kg1 c5 52. a6 c4 53. Ra2 Qa7+ 54. Kf1 c3 55. Ra4 c2 56. Rc4 Qxa6 57. Rc5 d2+ 58. Kg2 Qe2+ 59. Kg3 Qe3+ 60. Kh2 Qxc5 61. Kh3 Qf5+ 62. Kg2 Qg4+ 63. Kh2 Qf4+ 64.
Kg2 d1=Q 65. Kh3 Qdf1# 0-1

[Event "*** Titled Tuesday Blitz"]
[Site "Chess.com"]
[Date "2020.12.01"]
[Round "10"]
[White "r31415"]
[Black "biostatistician"]
[Result "1-0"]
[WhiteElo "2514"]
[BlackElo "2594"]
[TimeControl "180+1"]
[EndTime "11:54:48 PST"]
[Termination "r31415 won on time"]

1. e4 e6 2. d4 d5 3. Nc3 Nc6 4. Nf3 Nf6 5. Bg5 Be7 6. e5 Ne4 7. Bxe7 Qxe7 8. a3 Bd7 9. Qd3 Nxc3 10. Qxc3 O-O 11. Bd3 f6 12. O-O-O fxe5 13. dxe5 Rf4 14. h4 Raf8 15. Be2 b6 16. Rdf1 Qc5 17. Qd3 h6 18. b4 Qc4 19. Qe3 Qa2 20. Qc3 Be8 21. Rh3 Bh5 22. Qxc6 Bxf3 23. Rxf3 Rxf3 24. gxf3 Qxa3+ 25.
Kd1 Qxb4 26. Qxe6+ Kh8 27. Bd3 Qxh4 28. Qg6 Kg8 29. e6 1-0